 Dungeon Crawl Stone Soup version 0.29.1-4-g47bece8355 (webtiles) character file.

Game seed: 10746656386555960678

708 H0rd4k the Insei (level 7, -14/47 HPs)
             Began as an Octopode Artificer on Dec 2, 2022.
             Was an Initiate of Gozag.
             Demolished by Menkaure (23 damage)
             ... on level 4 of the Dungeon.
             The game lasted 00:04:43 (4459 turns).

H0rd4k the Insei (Octopode Artificer)               Turns: 4459, Time: 00:04:44

Health: -14/47     AC:  1    Str: 11    XL:     7   Next: 67%
Magic:  11/11      EV: 13    Int: 15    God:    Gozag
Gold:   396        SH:  0    Dex: 13    Spells: 12/12 levels left

rFire   . . .      SeeInvis .     - Unarmed
rCold   . . .      Faith    .   (no shield)
rNeg    . . .      Spirit   .   (helmet restricted)
rPois   .          Reflect  .   n - amulet of regeneration
rElec   .          Harm     .   (no ring)
rCorr   .          Rampage  .   (no ring)
Will    .....                   (no ring)
Stlth   +++.......              (no ring)
HPRegen 0.95/turn               (no ring)
MPRegen 0.12/turn               (no ring)
                                (no ring)
                                (no ring)

@: no status effects
A: almost no armour, amphibious, 8 rings, camouflage 1, gelatinous body 1,
(nimble swimmer 1), tentacles
a: Renounce Religion, Potion Petition, Call Merchant, Bribe Branch


You were on level 4 of the Dungeon.
You worshipped Gozag.
Gozag was aware of your devotion.
You visited 2 branches of the dungeon, and saw 5 of its levels.
You also visited: Ossuary.

You collected 574 gold pieces.
You paid 178 gold pieces to Gozag.

Inventory:

Missiles
 p - 5 poisoned darts (quivered)
 q - 5 curare-tipped darts
 r - 2 datura-tipped darts
Jewellery
 n - an amulet of regeneration (around mantle)
 t - an amulet of guardian spirit
Wands
 b - a wand of flame (12)
 c - a wand of charming (7)
 d - a wand of iceblast (3)
Scrolls
 a - 5 scrolls of identify {unknown}
 g - 2 scrolls of vulnerability {unknown}
 i - a scroll of butterflies {unknown}
 k - a scroll of immolation {unknown}
 l - a scroll of brand weapon {unknown}
 m - a scroll of enchant armour {unknown}
 o - a scroll of torment {unknown}
 s - a scroll of fear {unknown}
 v - 3 scrolls of silence {unknown}
Potions
 e - a potion of flight {unknown}
 f - a potion of lignification {unknown}
 h - 2 potions of berserk rage {unknown}
 j - a potion of brilliance {unknown}
 u - a potion of cancellation {unknown}
 w - a potion of mutation {unknown}


   Skills:
 * Level 3.8 Fighting
 - Level 2.3 Dodging
 - Level 1.3 Stealth
 + Level 5.9 Unarmed Combat
 * Level 3.2 Spellcasting
 - Level 3.2 Evocations


You had 12 spell levels left.
You didn't know any spells.
Your spell library contained the following spells:

 Spells                   Type           Power      Damage    Failure   Level
 Ensorcelled Hibernation  Hex/Ice        4%         N/A       30%         2
 Passwall                 Tmut/Erth      1%         N/A       30%         2
 Gell's Gravitas          Tloc           2%         N/A       52%         3
 Spider Form              Tmut/Pois      2%         N/A       52%         3
 Swiftness                Air            2%         N/A       52%         3
 Teleport Other           Tloc           2%         N/A       52%         3
 Anguish                  Hex/Necr       1%         N/A       89%         4
 Dispersal                Tloc           1%         N/A       100%        6


Dungeon Overview and Level Annotations

Branches:
Dungeon (4/15)             Temple (1/1) D:4         Ossuary (visited)

Altars:
Dithmenos
Fedhas
Gozag
Hepliaklqana
Kikubaaqudgha
Wu Jian
Xom

Shops:
D:2 !   D:4 [

Annotations:
D:3 1 runed translucent door, exclusion: door, Crazy Yiuf
D:4 Menkaure


Innate Abilities, Weirdness & Mutations

You cannot wear most types of armour.
You are amphibious.
You can wear up to eight rings at the same time.
Your skin changes colour to match your surroundings (Stealth+).
Your rubbery body absorbs attacks. (AC +1, EV +1)
((You are camouflaged when in or above water. (Stealth+)))
You have tentacles for arms and can constrict up to eight enemies at once.


Message History

You now have 384 gold pieces (gained 19).
Items here: ( )) [.
You now have 390 gold pieces (gained 6).
Items here: ))) [[ ††.
Found a stone staircase leading down.
A ball python comes into view.
A ball python is nearby!
The ball python hisses angrily.
The ball python barely misses you. x2
You bludgeon the ball python!
You kill the ball python!
You now have 396 gold pieces (gained 6).
Menkaure, Prince of Dust comes into view.
Aiming: Throw Flame
Press: ? - help, Shift-Dir - straight line, f - Menkaure
Aim: Menkaure (dormant, 100% to hit)
The puff of flame hits Menkaure!
Menkaure is burned terribly!
Menkaure is heavily damaged.
Menkaure shouts!
Unknown command.
Menkaure gestures wildly while chanting.
Menkaure seems to speed up.
Menkaure misses you.
You barely miss Menkaure. You grab Menkaure.
You squeeze Menkaure, but do no damage.
Menkaure is heavily damaged.
You constrict Menkaure.
Menkaure calls on the powers of darkness!
Your body is wracked with pain!
Menkaure hits you!
* * * LOW HITPOINT WARNING * * *
Aiming: Throw Flame
Press: ? - help, Shift-Dir - straight line, f/p - Menkaure
Aim: Menkaure (severely damaged, constricted by you, fast, 100% to hit)
The puff of flame hits Menkaure but does no damage.
Menkaure is severely damaged.
You constrict Menkaure.
Menkaure whispers a few words.
Menkaure hits you!!
You die...
Your body crumbles into a pile of gold.

#.## #..#
##.# #...
#.#. #.#>
#.##
#.########
######.#
#....M@..#
#......#
########.#
#.######
#.# #.#
#.# #.#
#.# #.#
#.# #.#
#.######.#
#........#
##########


You could see Menkaure (fast).

Vanquished Creatures
  Sigmund (D:3)
  A human zombie (Ossuary)
  A centaur zombie (Ossuary)
  4 orc priests
  Natasha (twice) (D:3)
  An iguana (D:4)
  An orc wizard (D:3)
  2 mummies (Ossuary)
  3 adders
  2 worms
  A dart slug (D:2)
  17 orcs
  10 ball pythons
  7 endoplasms
  3 giant cockroaches
  4 hobgoblins
  3 kobolds
  7 quokkas
  5 bats
  3 frilled lizards
  A gnoll zombie (Ossuary)
  7 goblins
  3 goblin zombies (Ossuary)
  3 hobgoblin zombies (Ossuary)
  5 orc zombies (Ossuary)
  7 rats
104 creatures vanquished.

Vanquished Creatures (collateral kills)
  Dowan (D:4)
  An orc priest (D:3)
  Natasha (D:3)
  An adder (D:3)
  3 orcs
7 creatures vanquished.

Vanquished Creatures (others)
  Duvessa (D:4)
  Terence (D:3)
2 creatures vanquished.

Grand Total: 113 creatures vanquished

Notes
Turn   | Place    | Note
-------+----------+-------------------------------------------
     0 | D:1      | H0rd4k the Octopode Artificer began the quest for the Orb.
     0 | D:1      | Reached XP level 1. HP: 13/13 MP: 1/1
   280 | D:1      | Reached XP level 2. HP: 5/18 MP: 1/3
   502 | D:1      | Reached skill level 1 in Spellcasting
  1394 | D:1      | Found a faded altar of an unknown god.
  1400 | D:1      | Reached XP level 3. HP: 18/22 MP: 5/5
  1591 | D:1      | Reached skill level 1 in Unarmed Combat
  1855 | D:2      | Found Vidwudas's Distillery.
  2670 | D:2      | Reached XP level 4. HP: 29/29 MP: 6/6
  2787 | D:3      | Noticed Natasha
  2796 | D:3      | Killed Natasha
  2797 | D:3      | Reached skill level 2 in Unarmed Combat
  3064 | D:3      | Reached XP level 5. HP: 34/35 MP: 8/8
  3165 | D:3      | Reached skill level 3 in Unarmed Combat
  3243 | D:3      | Noticed Terence
  3244 | D:3      | Noticed Natasha
  3254 | D:3      | Killed Natasha
  3262 | D:3      | Reached XP level 6. HP: 41/41 MP: 9/9
  3267 | D:3      | Your ally Terence died
  3299 | D:3      | Reached skill level 4 in Unarmed Combat
  3442 | D:3      | Noticed Sigmund
  3445 | D:3      | Killed Sigmund
  3446 | D:3      | Reached XP level 7. HP: 46/46 MP: 9/11
  3569 | D:3      | Noticed Natasha
  3576 | D:3      | Killed Natasha
  3577 | D:3      | Reached skill level 5 in Unarmed Combat
  3671 | D:3      | Found a runed translucent door.
  3672 | D:3      | Noticed Crazy Yiuf
  3879 | D:4      | Found a sand-covered staircase.
  3884 | Ossuary  | Entered an ossuary
  4153 | D:4      | Noticed Dowan
  4154 | D:4      | Noticed Duvessa
  4168 | D:4      | Killed Dowan
  4175 | D:4      | Your ally Duvessa died
  4189 | D:4      | Found Neph's Antique Armour Boutique.
  4259 | D:4      | Found a staircase to the Ecumenical Temple.
  4266 | Temple   | Entered the Ecumenical Temple
  4327 | Temple   | Became a worshipper of Gozag Ym Sagoz the Greedy
  4454 | D:4      | Noticed Menkaure
  4459 | D:4      | Demolished by Menkaure

Illustrated notes

Levels and vault maps discovered:
D:1:      dpeg_arrival_radiant, layout_basic, ebering_ecumenical_altar_box,
          minmay_misc_feat_plants, minmay_misc_feat_tower
D:2:      layout_loops_ring, serial_shops, nicolae_shop_behind_doors,
          small_statue_intersection
D:3:      layout_loops_ring, uniq_terence, uniq_natasha,
          uniq_crazy_yiuf_cottage, uniq_sigmund
D:4:      cheibrodos_pilgrimage, layout_basic, temple_fountains,
          nicolae_ossuary_entry_ruins, serial_shops, shop, grunt_ministairs_9,
          item_on_display_a, uniq_menkaure, uniq_duvessa
Temple:   nicolae_temple_godpark

Skill      XL: |  1  2  3  4  5  6  7 |
---------------+----------------------+-----
Spellcasting   | 1 2 3 |  3.2
Unarmed Combat | 1 2 3 4 5 |  5.9
Fighting       | 2 3 |  3.8
Dodging        | |  2.3
Stealth        | |  1.3
Evocations     | |  3.2

Action                   |  1- 3 |  4- 6 |  7- 9 || total
-------------------------+-------+-------+-------++-------
Melee: Unarmed           |   119 |    71 |    90 ||   280
       Constrict         |    28 |    17 |    27 ||    72
       Tentacles         |    21 |    20 |    30 ||    71
       Punch             |       |     1 |     7 ||     8
Evoke: Wand              |       |    10 |     3 ||    13
 Stab: Sleeping          |    12 |     5 |     2 ||    19
Armor: Skin              |     7 |     4 |     7 ||    18
Dodge: Dodged            |    57 |    33 |    53 ||   143
